 Dungeon Crawl Stone Soup version 0.27.1-1-g398f81649c (webtiles) character file.

Game seed: 10200705118847467372

1393 MisterFreud the Protected (level 8, -5/63 (71) HPs)
             Began as a Gnoll Wanderer on Sept 20, 2021.
             Was an Elder of Fedhas.
             Slain by an orc warrior (19 damage)
             ... on level 7 of the Dungeon.
             The game lasted 00:10:22 (7436 turns).

MisterFreud the Protected (Gnoll Wanderer)          Turns: 7436, Time: 00:10:22

HP:   -5/63 (71)    AC: 11    Str: 14      XL:     8   Next: 68%
MP:   13/13         EV: 10    Int: 11 (12) God:    Fedhas [****..]
Gold: 565           SH:  0    Dex: 11 (12) Spells: 14/14 levels left

rFire    . . .     SeeInvis +   r - +2 scimitar (vamp)
rCold    . . .     Faith    .   (no shield)
rNeg     . . .     Spirit   .   q - +2 scale mail "Epaoc" {rElec Str+4 Int-3}
rPois    +         Reflect  .   (no helmet)
rElec    +         Harm     .   (no cloak)
rCorr    .         Rampage  .   v - +0 pair of gloves
Will     .....                  (no boots)
Stlth    +.........             (no amulet)
HPRegen  0.20/turn              l - ring of poison resistance
MPRegen  0.13/turn              b - ring of see invisible

@: heavily drained
A: fangs 1, strong nose, distributed training
a: Renounce Religion, Wall of Briars, Grow Ballistomycete, Overgrow


You were on level 7 of the Dungeon.
You worshipped Fedhas.
Fedhas was greatly pleased with you.
You visited 1 branch of the dungeon, and saw 8 of its levels.
You also visited: Ossuary.

You collected 565 gold pieces.

Inventory:

Hand Weapons
 a - a +0 dagger
 m - a +2 dagger of venom
 r - a +2 vampiric scimitar (weapon)
 w - a +2 short sword of venom
Missiles
 o - 8 boomerangs (quivered)
Armour
 d - a +2 scale mail
 q - the +2 scale mail "Epaoc" (worn) {rElec Str+4 Int-3}
   (You found it on level 4 of the Dungeon)

   Str:       It affects your strength (+4).
   Int:       It affects your intelligence (-3).
   rElec:     It insulates you from electricity.
 u - a +2 scale mail of poison resistance
 v - a +0 pair of gloves (worn)
Jewellery
 b - a ring of see invisible (right hand)
 l - a ring of poison resistance (left hand)
 s - a ring of magical power
Scrolls
 c - a scroll of torment
 h - a scroll of teleportation
 i - a scroll of fog
 k - a scroll of summoning
 n - a scroll of immolation
 p - a scroll of enchant weapon
 y - a scroll of vulnerability
 z - a scroll of noise {unknown}
Potions
 f - a potion of brilliance
 g - 6 potions of curing
 j - 2 potions of heal wounds
 x - a potion of magic {unknown}


   Skills:
 + Level 9.2 Fighting
 + Level 3.5 Short Blades
 + Level 3.5 Long Blades
 + Level 3.5 Axes
 + Level 3.5 Maces & Flails
 + Level 3.5 Polearms
 + Level 3.5 Staves
 + Level 3.5 Slings
 + Level 3.5 Bows
 + Level 3.5 Crossbows
 + Level 5.8 Throwing
 + Level 9.2 Armour
 + Level 3.5 Dodging
 + Level 3.5 Stealth
 + Level 3.5 Shields
 + Level 3.5 Unarmed Combat
 + Level 3.5 Spellcasting
 + Level 2.8 Conjurations
 + Level 2.8 Hexes
 + Level 2.8 Summonings
 + Level 2.8 Necromancy
 + Level 2.8 Translocations
 + Level 2.8 Transmutations
 + Level 2.8 Fire Magic
 + Level 2.8 Ice Magic
 + Level 2.8 Air Magic
 + Level 2.8 Earth Magic
 + Level 2.8 Poison Magic
 + Level 3.8 Invocations
 + Level 3.5 Evocations


You had 14 spell levels left.
You didn't know any spells.
Your spell library contained the following spells:

 Spells                   Type           Power      Damage    Failure   Level
 Passwall                 Tmut/Erth      6%         N/A       36%         2
 Sublimation of Blood     Necr           4%         N/A       36%         2
 Wereblood                Tmut           8%         N/A       36%         2
 Gell's Gravitas          Tloc           4%         N/A       58%         3
 Ozocubu's Armour         Ice            8%         N/A       58%         3
 Swiftness                Air            8%         N/A       58%         3
 Teleport Other           Tloc           8%         N/A       58%         3
 Animate Dead             Necr           4%         N/A       94%         4
 Borgnjor's Vile Clutch   Necr/Erth      4%         N/A       100%        5
 Metabolic Englaciation   Hex/Ice        4%         N/A       100%        5
 Death Channel            Necr           4%         N/A       100%        6
 Dispersal                Tloc           4%         N/A       100%        6
 Invisibility             Hex            4%         N/A       100%        6
 Simulacrum               Ice/Necr       4%         N/A       100%        6
 Summon Hydra             Summ           4%         N/A       100%        7


Dungeon Overview and Level Annotations

Branches:
Dungeon (8/15)            Ossuary (visited)
 Temple: D:4-7         Lair: D:8-11

Altars:
Ashenzari
Fedhas


Innate Abilities, Weirdness & Mutations

You have very sharp teeth.
Your uncanny sense of smell can sniff out nearby items.
Your experience applies equally to all skills.


Message History

A centaur comes into view.
The centaur wields a +0 shortbow.
The centaur shoots an arrow.
The arrow closely misses you.
A howler monkey comes into view.
The centaur shoots an arrow.
The arrow hits you but does no damage.
The centaur shoots an arrow.
The arrow hits you.
* * * LOW HITPOINT WARNING * * *
The centaur shoots an arrow.
The arrow hits you!
* * * LOW HITPOINT WARNING * * *
The centaur unwields a +0 shortbow.
The centaur hits you.
* * * LOW HITPOINT WARNING * * *
The centaur kicks you but does no damage.
The orc wizard casts a spell.
The orc wizard flickers and vanishes for a moment.
You slash the centaur!
You feel better.
You bite the centaur.
The centaur is heavily wounded.
The centaur barely misses you. x2
The howler monkey hoots and howls with incredible vigour!
The orc warrior hits you from afar with a +0 glaive.
* * * LOW HITPOINT WARNING * * *
The centaur hits you but does no damage.
The centaur barely misses you.
You hear an angry hiss.
Unknown command.
Unknown command.
Unknown command.
You slash the centaur!
The centaur is almost dead.
The centaur hits you but does no damage.
The centaur kicks you but does no damage.
The orc warrior closely misses you. The centaur barely misses you.
The centaur kicks you.
* * * LOW HITPOINT WARNING * * *
You slash the centaur!
You feel better.
You kill the centaur!
Fedhas appreciates your contribution to the ecosystem.
You can now transform dungeon walls and trees into plant allies.
The orc warrior hits you from afar with a +0 glaive!!
You die...
Fedhas appreciates your contribution to the ecosystem.

#..#h# ####
#..#.#### ####
#.......# #...
#h#o....####...
#o#.h.....##...
∆
#.#.>...#.#####
# #.##.####
##'####h##.#
#..)@hoooo.#
#......#####
#.........
########### ∆


You could see an orc warrior, 2 howler monkeys, an orc wizard (invisible) and 2
orcs.

Vanquished Creatures
  2 sky beasts
  An ice beast (D:8)
  A necrophage (D:5)
  2 centaurs
  A bullfrog (D:8)
  A scorpion (D:5)
  A gnoll sergeant (D:7)
  A wight (D:5)
  A howler monkey (D:6)
  A bullfrog zombie (D:6)
  An orc priest (D:3)
  A gnoll shaman (D:5)
  2 jellies
  A bullfrog skeleton (D:5)
  4 hounds
  2 orc wizards
  8 mummies (Ossuary)
  6 gnolls
  A howler monkey skeleton (D:5)
  5 adders
  A white imp (D:6)
  3 ufetubi
  6 worms
  A dart slug (D:1)
  12 orcs
  7 ball pythons
  4 endoplasms
  3 giant cockroaches
  2 gnoll zombies (Ossuary)
  5 hobgoblins
  5 jackals
  4 kobolds
  A quokka (D:4)
  6 bats
  3 frilled lizards
  3 goblins
  3 hobgoblin zombies (Ossuary)
  3 kobold zombies (Ossuary)
  7 rats
122 creatures vanquished.

Vanquished Creatures (others)
  A fungus (D:3)
1 creature vanquished.

Grand Total: 123 creatures vanquished

Notes
Turn   | Place    | Note
-------+----------+-------------------------------------------
     0 | D:1      | MisterFreud the Gnoll Wanderer began the quest for the Orb.
     0 | D:1      | MisterFreud set off with the following items: a +0 dagger,
                  | a potion of curing, a scroll of teleportation, a +2 scale
                  | mail
     0 | D:1      | Reached XP level 1. HP: 26/26 MP: 1/1
   149 | D:2      | Reached XP level 2. HP: 19/33 MP: 2/2
   293 | D:2      | Reached XP level 3. HP: 14/38 MP: 3/3
   555 | D:2      | Found a faded altar of an unknown god.
   589 | D:2      | Became a worshipper of Fedhas Madash
   589 | D:2      | Reached * piety under Fedhas
   879 | D:2      | Reached skill level 1 in Invocations
  1285 | D:2      | Reached skill level 1 in Short Blades
  1285 | D:2      | Reached skill level 1 in Long Blades
  1285 | D:2      | Reached skill level 1 in Axes
  1285 | D:2      | Reached skill level 1 in Maces & Flails
  1285 | D:2      | Reached skill level 1 in Polearms
  1285 | D:2      | Reached skill level 1 in Staves
  1285 | D:2      | Reached skill level 1 in Slings
  1285 | D:2      | Reached skill level 1 in Bows
  1285 | D:2      | Reached skill level 1 in Crossbows
  1285 | D:2      | Reached skill level 1 in Dodging
  1285 | D:2      | Reached skill level 1 in Stealth
  1285 | D:2      | Reached skill level 1 in Shields
  1285 | D:2      | Reached skill level 1 in Unarmed Combat
  1285 | D:2      | Reached skill level 1 in Spellcasting
  1285 | D:2      | Reached skill level 1 in Evocations
  1285 | D:2      | Reached XP level 4. HP: 33/45 MP: 5/5
  2202 | D:3      | Found a broken altar of Ashenzari.
  2278 | D:3      | Noticed a sky beast
  2286 | D:3      | Killed a sky beast
  2286 | D:3      | Reached ** piety under Fedhas
  2287 | D:3      | Reached skill level 1 in Conjurations
  2287 | D:3      | Reached skill level 1 in Hexes
  2287 | D:3      | Reached skill level 1 in Summonings
  2287 | D:3      | Reached skill level 1 in Necromancy
  2287 | D:3      | Reached skill level 1 in Translocations
  2287 | D:3      | Reached skill level 1 in Transmutations
  2287 | D:3      | Reached skill level 1 in Fire Magic
  2287 | D:3      | Reached skill level 1 in Ice Magic
  2287 | D:3      | Reached skill level 1 in Air Magic
  2287 | D:3      | Reached skill level 1 in Earth Magic
  2287 | D:3      | Reached skill level 1 in Poison Magic
  2287 | D:3      | Reached XP level 5. HP: 44/51 MP: 5/7
  2654 | D:3      | Reached XP level 6. HP: 44/57 MP: 8/8
  3191 | D:4      | Reached skill level 5 in Throwing
  3276 | D:4      | Identified the +2 scale mail "Epaoc" {rElec Str+4 Int-3}
  3855 | D:5      | Entered Level 5 of the Dungeon
  3900 | D:5      | Reached *** piety under Fedhas
  4037 | D:5      | Reached XP level 7. HP: 56/63 MP: 10/10
  4160 | D:5      | Found a sand-covered staircase.
  4202 | Ossuary  | Entered an ossuary
  4294 | Ossuary  | HP: 3/63 [mummy (11)]
  5640 | D:5      | Reached XP level 8. HP: 58/71 MP: 12/12
  7436 | D:7      | Reached **** piety under Fedhas
  7436 | D:7      | Slain by an orc warrior

Illustrated notes

Levels and vault maps discovered:
D:1:      psy_arrival_conway, layout_basic, minivault_4
D:2:      layout_loops_ring, shapermc_ecumenical_altar_totnotflames,
          minmay_tromino_i4
D:3:      layout_loops_ring, mainiacjoe_overflow_chevrons,
          minmay_misc_feat_enclosed
D:4:      layout_gridville, minmay_misc_feat_iff
D:5:      layout_loops_ring, lightli_ossuary_entry_decrepit_ruins,
          eino_curves_03
D:6:      layout_loops_ring, serial_shops, shop,
          minmay_fractal_squares_gapless_5
D:7:      layout_basic, minmay_temple_entry_drinking_statues
D:8:      layout_basic, dk_noncrumbling_2, minmay_parallelograms,
          nicolae_zen_rock_garden, uniq_erica

Skill      XL: |  1  2  3  4  5  6  7  8 |
---------------+-------------------------+-----
Invocations    | 1 2 3 |  3.8
Short Blades   | 1 2 3 |  3.5
Long Blades    | 1 2 3 |  3.5
Axes           | 1 2 3 |  3.5
Maces & Flails | 1 2 3 |  3.5
Polearms       | 1 2 3 |  3.5
Staves         | 1 2 3 |  3.5
Slings         | 1 2 3 |  3.5
Bows           | 1 2 3 |  3.5
Crossbows      | 1 2 3 |  3.5
Dodging        | 1 2 3 |  3.5
Stealth        | 1 2 3 |  3.5
Shields        | 1 2 3 |  3.5
Unarmed Combat | 1 2 3 |  3.5
Spellcasting   | 1 2 3 |  3.5
Evocations     | 1 2 3 |  3.5
Conjurations   | 1 2 |  2.8
Hexes          | 1 2 |  2.8
Summonings     | 1 2 |  2.8
Necromancy     | 1 2 |  2.8
Translocations | 1 2 |  2.8
Transmutations | 1 2 |  2.8
Fire Magic     | 1 2 |  2.8
Ice Magic      | 1 2 |  2.8
Air Magic      | 1 2 |  2.8
Earth Magic    | 1 2 |  2.8
Poison Magic   | 1 2 |  2.8
Throwing       | 5 |  5.8
Fighting       | 9 |  9.2
Armour         | 9 |  9.2

Action                   |  1- 3 |  4- 6 |  7- 9 || total
-------------------------+-------+-------+-------++-------
Melee: Dagger            |   194 |   181 |       ||   375
       Bite              |    16 |    18 |    31 ||    65
       Punch             |     1 |     1 |     4 ||     6
       Short sword       |       |     7 |   278 ||   285
       Scimitar          |       |       |     8 ||     8
Throw: Boomerang         |       |       |     7 ||     7
  Use: Scroll            |     2 |       |    10 ||    12
       Potion            |     1 |       |     4 ||     5
 Stab: Invisible         |       |       |     1 ||     1
Armor: Scale mail        |   137 |    76 |   126 ||   339
Dodge: Dodged            |    93 |    88 |   163 ||   344
       Rpst.: Scimitar   |       |       |     2 ||     2
